cohdb
Replays
Latest Replays
All Replays
Popular Replays
Top Player Replays
Match Explorer
How It Works
Community
CoH3 Stats
Reddit
Sign in to upload your games and track your stats! →
Sign in with Steam
Match 45918553
Unlisted
Match 45918553
Overview
Messages
Build Orders
End
Construct Barracks
Selects Heavy Weapons
Riflemen Squad
Riflemen Squad
M1 Mortar Team
Grenade Package
Construct Medical Station
Construct Medical Station
Mechanized Support Center
Engineer Squad
Riflemen Squad
M1918 Browning Automatic Rifles
Construct Motor Pool
Selects Assault Carriers
Selects Exchangeable Parts
Construct Weapon Support Center
M16 Multiple Gun Motor Carriage
Selects M2HB .50cal Heavy Machine Gun
M3 75 mm Gun Motor Carriage
Designate Forward Repair Station
Forward Retreat Point
M16 Multiple Gun Motor Carriage
M3 75 mm Gun Motor Carriage
Selects M26 Pershing Heavy Tank
M26 Pershing Heavy Tank
Improvised Armor
Rapid Repairs
Salvage Crew
Bran
DrewP
Dillbro
Truax
Crimson_Reaper
Sr Muertecita
V1n199
El Noble
0
0
Comments
sign in to comment!
No comments posted yet!